 Dungeon Crawl Stone Soup version bcrawl-1.12-5-g74a5124548 (webtiles) character file.

Game seed: 1227633792902920621

104446 Banto the Imperceptible (level 15, -8/103 HPs)
             Began as a Dusk Walker Rogue on May 31, 2019.
             Was the Champion of Yredelemnul.
             Mangled by a tarantella (13 damage)
             ... on level 2 of the Spider Nest on June 1, 2019.
             The game lasted 00:56:59 (28906 turns).

Banto the Imperceptible (Dusk Walker Rogue)        Turns: 28906, Time: 00:57:00

Health: -8/103     AC: -7    Str: 12    XL:     15   Next: 91%
Magic:  8/8        EV: 19    Int: 20    God:    Yredelemnul [******]
Gold:   2559       SH:  0    Dex: 23    Spells: 18/22 levels left

rFire    . . .     SeeInvis +   b - +7 rapier of Zusmerhi {antimagic, *Noise MR- Int+7 Dex+4}
rCold    . . .     Gourm    .   (no shield)
rNeg     + . .     Faith    .   t - +0 ring mail
rPois    .         Spirit   .   N - +0 Maxwell's etheric cage {RegenMP+ *Contam rElec MP+4}
rElec    +         Reflect  .   Q - scarf {cloud immunity}
rCorr    .         Harm     .   H - +1 pair of gloves
MR       +....                  u - +0 pair of boots
Stlth    +++++++++.             E - macabre finger necklace {rN+}
HPRegen  0.27/turn              J - +4 ring of protection MPRegen 0.61/turn*
                                L - +4 ring of protection
                                x - ring of see invisible

@: corroded
A: draining touch, unencumbered stealth, fangs 3, nightstalker 2
a: Recall Undead Slaves, Injury Mirror, Animate Dead, Drain Life, Enslave Soul,
Renounce Religion


You were on level 2 of the Spider Nest.
You worshipped Yredelemnul.
Yredelemnul was exalted by your worship.
You were not hungry.

You visited 5 branches of the dungeon, and saw 22 of its levels.

You collected 2574 gold pieces.
You spent 15 gold pieces at shops.

Inventory:

Hand Weapons
 a - a +2 dagger of venom
 b - the +7 rapier of Zusmerhi (weapon) {antimagic, *Noise MR- Int+7 Dex+4}
   (You acquired it on level 11 of the Dungeon)

   It reduces the magical energy of the wielder, and disrupts the spells and
   magical abilities of those hit.
   Natural abilities and divine invocations are not affected.
   It affects your intelligence (+7).
   It affects your dexterity (+4).
   It affects your resistance to hostile enchantments.
   It may make noises in combat.
Missiles
 d - 3 throwing nets (quivered) {!f}
Armour
 t - a +0 ring mail (worn)
 u - a +0 pair of boots (worn)
 H - a +1 pair of gloves (worn)
 N - the +0 Maxwell's etheric cage (worn) {RegenMP+ *Contam rElec MP+4}
   (You found it on level 7 of the Dungeon)

   It insulates you from electricity.
   It affects your magic capacity (+4).
   It causes magical contamination when unequipped.
 Q - a scarf of cloud immunity (worn)
Jewellery
 g - an uncursed ring of positive energy
 x - a ring of see invisible (on amulet)
 z - an uncursed ring of resist corrosion
 D - the ring of the Mage {Wiz MR++ Int+3}
   (You found it on level 9 of the Dungeon)

   [ring of wizardry]

   It improves your spell success rate.
   It affects your intelligence (+3).
   It affects your resistance to hostile enchantments.
 E - the macabre finger necklace (around neck) {rN+}
   (You found it on level 6 of the Dungeon)

   [amulet of nothing]

   It protects you from negative energy.
 G - an uncursed ring of protection from fire
 J - a +4 ring of protection (left hand)
 L - a +4 ring of protection (right hand)
 T - an uncursed ring of flight
 Y - an uncursed ring of stealth
Wands
 f - a wand of scattershot (2)
 i - a wand of digging (9)
 n - a wand of acid (23)
 A - a wand of polymorph (23)
 P - a wand of paralysis (13)
 S - a wand of clouds (3)
 U - a wand of iceblast (3)
Scrolls
 e - a scroll of vulnerability
 k - 2 scrolls of immolation
 p - 13 scrolls of teleportation
 r - 6 scrolls of remove curse
 y - 5 scrolls of identify
 B - 3 scrolls of enchant armour
 F - 2 scrolls of torment
 I - 2 scrolls of fear
 M - a scroll of enchant weapon
 O - 4 scrolls of magic mapping
 V - 2 scrolls of fog
Potions
 c - 8 potions of brilliance
 j - 8 potions of curing
 m - 5 potions of berserk rage
 o - 2 potions of magic
 q - 6 potions of flight
 s - 5 potions of cancellation
 v - 4 potions of haste
 w - 2 potions of might
 C - 2 potions of agility
 K - 3 potions of mutation
 R - a potion of resistance
Miscellaneous
 W - a lamp of fire
Comestibles
 h - 40 rations {!d}
 X - 4 chunks of flesh


   Skills:
 - Level 10.0 Fighting
 - Level 10.0 Short Blades
 - Level 1.5 Throwing
 - Level 10.0 Armour
 - Level 10.0 Dodging
 + Level 21.5 Stealth
 - Level 4.0 Spellcasting
 - Level 10.0 Charms
 - Level 10.0 Necromancy
 + Level 9.0 Invocations
 - Level 2.0 Evocations


You had 18 spell levels left.
You knew the following spells:

 Your Spells              Type           Power        Failure   Level  Hunger
a - Animate Skeleton      Necr           N/A          1%          1    None
b - Regeneration          Chrm/Necr      #####.....   1%          3    ###....

Your spell library contained the following spells:

 Spells                   Type           Power        Failure   Level  Hunger
 Pain                     Necr           ####         1%          1    None
 Vampiric Draining        Necr           #####.....   1%          3    ###....
 Animate Dead             Necr           N/A          4%          4    ####...
 Magic Dart               Conj           #...         24%         1    None
 Slow                     Hex            #.......     24%         1    None
 Blink                    Tloc           N/A          36%         2    #......
 Call Imp                 Summ           #.......     36%         2    #......
 Confuse                  Hex            #.......     58%         3    ###....
 Conjure Flame            Conj/Fire      #.......     58%         3    ###....
 Dazzling Spray           Conj/Hex       #.....       58%         3    ###....
 Mephitic Cloud           Conj/Pois/Air  #.......     58%         3    ###....
 Bolt of Draining         Conj/Necr      ###.......   65%         5    ######.
 Petrify                  Tmut/Erth      #.......     94%         4    ####...
 Yara's Violent Unravell  Hex/Tmut       #.........   94%         4    ####...
 Bolt of Magma            Conj/Fire/Erth #.........   100%        5    ######.
 Fireball                 Conj/Fire      #.........   100%        5    ######.
 Irradiate                Conj/Tmut      #.........   100%        5    ######.
 Metabolic Englaciation   Hex/Ice        #.........   100%        5    ######.
 Tree Form                Hex/Tmut       N/A          100%        5    ######.
 Bolt of Fire             Conj/Fire      #.........   100%        6    #######
 Statue Form              Tmut/Erth      #........    100%        6    #######
 Dragon Form              Tmut           #.........   100%        7    #######
 Ring of Flames           Chrm/Fire      ###.......   100%        7    #######
 Ignition                 Fire           #.........   100%        8    #######
 Necromutation            Tmut/Necr      ###.......   100%        8    #######


Dungeon Overview and Level Annotations

Branches:
Dungeon (12/12)            Temple (1/1) D:6            Lair (6/6) D:9
 Shoals (0/3) Lair:2       Spider (2/3) Lair:3        Slime (0/5) Lair:5
    Orc (1/1) D:11            Elf (0/3) Orc          Vaults (0/3) D:12
 Depths (0/5) D:12

Altars:
Ashenzari
Cheibriados
Dithmenos
Elyvilon
Fedhas
Gozag
Hepliaklqana
Kikubaaqudgha
Lugonu
Makhleb
Nemelex Xobeh
Okawaru
Qazlal
Ru
Sif Muna
Trog
Uskayaw
Vehumet
Wu Jian
Xom
Yredelemnul
Zin
The Shining One
Beogh
Jiyva

Shops:
D:4 [   D:5 !   D:12 *   Orc ??((

Annotations:
D:12 1 runed translucent door, Nyg Tys's ghost, journeyman MiBe
Lair:3 exclusion: 2 oklob plants
Lair:4 3 runed translucent doors, runemage's ghost, journeyman GnFi
Lair:5 exclusion: 2 centaurs Orc 1 runed translucent door, Rachuaq's ghost, adept GnSk


Innate Abilities, Weirdness & Mutations

Your attacks drain your enemies.
You move stealthily even while encumbered by armour.
You have razor-sharp teeth.
You are significantly more attuned to the shadows.


Message History

The tarantella bites you!
* * * LOW HITPOINT WARNING * * *
The soldier ant stings your skeletal warrior.
The soldier ant stings your redback zombie!
Your redback zombie bites the soldier ant.
Your skeletal warrior hits the soldier ant with a +0 battleaxe!
The soldier ant dies!
Yredelemnul accepts your kill.
Yredelemnul grants you a phantasmal warrior!
Unknown command.
You feel much better. The tarantella bites you!
* * * LOW HITPOINT WARNING * * *
Your wolf spider zombie hits the tarantella.
Your wolf spider zombie misses the tarantella.
Your redback zombie completely misses the soldier ant.
The soldier ant stings your redback zombie!
The soldier ant stings your skeletal warrior but does no damage.
The tarantella bites you!
You die...
Your body rises from the dead as a mindless zombie.

#..#. .. ...
a#.## .$....$.#
....#aaa# ##
.#..†sa## #.#.
..a.†a#Z##....
#...##zZZ....#
###.#ZZWs...#
#%#Z@a..##
##†..#### #...##
##...# ###....#
###.##..>#
####.......##
#####.##.Z.....#
..##z.z..###..##


You could see 3 soldier ants, a jumping spider, a tarantella, 2 worker ants, a
friendly skeletal warrior, a friendly phantasmal warrior, a friendly wolf spider
zombie, 4 friendly redback zombies and a friendly entropy weaver zombie.

Vanquished Creatures
  2 entropy weavers (Spider:2)
  Harold (Lair:3)
  Erolcha (D:9)
  An ogre mage (D:12)
  11 hydras
  A catoblepas (D:12)
  3 centaur warriors
  An alligator (Lair:6)
  A two-headed ogre (D:12)
  3 orc high priests (Orc)
  4 death yaks
  A hell knight (D:12)
  A skeletal warrior (D:12)
  An unseen horror (D:12)
  A lindwurm (Lair:5)
  Pikel (D:6)
  2 cyclopes
  2 deep elf archers (D:12)
  An orc knight (D:12)
  An ugly thing (D:10)
  9 wolf spiders
  2 orb spiders
  An orc sorcerer (Orc)
  4 deep elf magi (D:12)
  4 black mambas
  A guardian serpent (shapeshifter) (D:11)
  A merfolk siren (Lair:2)
  11 elephants
  2 torpor snails
  Joseph (D:7)
  15 cane toads
  10 centaur skeletons
  4 rime drakes
  A freezing wraith (D:11)
  8 komodo dragons
  2 yaktaurs (D:12)
  A kobold demonologist (D:11)
  4 demonic crawlers
  2 jumping spiders (Spider:1)
  A meliai (shapeshifter) (D:12)
  2 polar bears
  9 trolls
  3 hornets
  5 slime creatures (D:11)
  20 blink frogs
  A wolf spider simulacrum (D:11)
  A tyrant leech (Lair:6)
  4 hippogriffs
  3 dream sheep (Lair:6)
  Sigmund (D:4)
  A flying skull (Lair:6)
  A spriggan (D:8)
  A shadow (D:12)
  16 redbacks
  52 yaks
  A redback (shapeshifter) (D:11)
  9 tarantellas
  2 fire bats (Lair:6)
  3 basilisks
  5 wyverns
  A hungry ghost (D:12)
  5 vampire mosquitoes
  Edmund (D:4)
  8 soldier ants (Spider:2)
  7 porcupines
  Duvessa (D:5)
  10 water moccasins
  10 orc warriors
  2 phantoms
  2 slaves (D:6)
  2 eyes of draining
  4 ice beasts
  A hornet zombie (D:8)
  An elephant zombie (Lair:6)
  10 sky beasts
  3 ogres
  5 wolves
  2 centaurs
  10 crocodiles
  2 big kobolds
  25 bullfrogs
  Dowan (D:5)
  2 scorpions (D:4)
  11 killer bees
  3 electric eels
  3 crimson imps
  3 centaur zombies
  9 hounds
  21 orc priests
  A jelly (D:10)
  18 orc wizards
  2 iguanas
  12 worker ants
  A hound skeleton (D:7)
  A worker ant zombie (D:12)
  6 gnolls
  13 adders
  5 shadow imps
  3 oozes
  An adder skeleton (D:5)
  2 worms
  2 dart slugs
  5 leopard geckos
  38 orcs
  2 ball pythons (D:1)
  8 goblins
  7 hobgoblins
  13 jackals
  17 kobolds
  3 quokkas
  3 bats (D:1)
  2 frilled lizards
  A leopard gecko skeleton (D:5)
  A leopard gecko zombie (D:5)
  2 rats
  A butterfly (Lair:1)
599 creatures vanquished.

Vanquished Creatures (collateral kills)
  Rupert (Lair:3)
  Jorgrun (Orc)
  An orc warlord (D:11)
  2 entropy weavers (Spider:2)
  An ettin (D:12)
  A hydra (Lair:5)
  A two-headed ogre (D:11)
  2 death yaks (Lair:6)
  A queen ant (Spider:2)
  An orc high priest (Orc)
  A lindwurm (Lair:6)
  2 wolf spiders
  An oklob plant (Lair:6)
  2 ugly things (D:12)
  A black mamba (Lair:6)
  8 elephants
  11 cane toads
  4 centaur skeletons
  A yaktaur (D:12)
  A komodo dragon (Lair:2)
  4 jumping spiders
  3 tyrant leeches (Lair:6)
  17 blink frogs
  2 dream sheep (Lair:6)
  A slime creature (D:11)
  4 hippogriffs (D:12)
  9 redbacks
  A shadow (D:12)
  6 tarantellas
  A fire bat (Lair:6)
  2 basilisks (Lair:6)
  12 yaks
  5 vampire mosquitoes
  A hungry ghost (D:12)
  9 soldier ants (Spider:2)
  An acid dragon (D:12)
  A porcupine (Lair:5)
  A sky beast (D:11)
  4 orc warriors
  An ogre (Orc)
  A phantom (D:11)
  8 centaurs
  A crocodile (Lair:2)
  3 bullfrogs
  2 big kobolds (D:11)
  A gnoll sergeant (D:11)
  3 electric eels
  2 crimson imps (D:12)
  A quasit (D:11)
  6 orc priests (Orc)
  2 hounds
  7 orc wizards (Orc)
  4 worker ants
  A gnoll (D:11)
  6 orcs
  A kobold (D:11)
  11 fungi
  9 plants
198 creatures vanquished.

Vanquished Creatures (others)
  A phantasmal warrior (Lair:6)
  3 wolf spider zombies (Spider:2)
  4 redback zombies
  3 hydra zombies
  A tarantella zombie (Spider:2)
  4 flying skulls
  2 wraiths
  3 vampires
  A cane toad zombie (Lair:6)
  A cane toad skeleton (Lair:6)
  5 blink frog zombies
  3 elephant zombies
  3 blink frog skeletons (Lair:6)
  5 vampire mosquito zombies
  5 yak zombies
  3 wights
  2 yak skeletons
  A centaur zombie (D:12)
  4 bullfrog skeletons (Lair:6)
  A basilisk skeleton (Lair:6)
  A big kobold zombie (D:11)
  A hound zombie (D:12)
  2 mummies
  2 electric eel zombies (D:12)
  3 orc zombies (Orc)
  2 bushes (Lair:6)
  13 fungi
  52 plants
131 creatures vanquished.

Grand Total: 928 creatures vanquished

Notes
Turn   | Place    | Note
-------+----------+-------------------------------------------
     0 | D:1      | Banto the Dusk Walker Rogue began the quest for the Orb.
     0 | D:1      | Reached XP level 1. HP: 11/11 MP: 2/2
   511 | D:1      | Reached XP level 2. HP: 18/18 MP: 3/3
   531 | D:1      | Reached skill level 1 in Fighting
  1009 | D:1      | Reached XP level 3. HP: 22/23 MP: 4/4
  1051 | D:1      | Reached skill level 7 in Stealth
  1465 | D:2      | Found a white marble altar of Elyvilon.
  1988 | D:3      | Gained mutation: You are slightly more attuned to the
                  | shadows. [Dusk Walker growth]
  1988 | D:3      | Reached XP level 4. HP: 26/29 MP: 5/5
  2305 | D:3      | Noticed a bullfrog
  2311 | D:3      | Killed a bullfrog
  2311 | D:3      | Reached skill level 8 in Stealth
  2311 | D:3      | Reached XP level 5. HP: 35/35 MP: 6/6
  2939 | D:4      | Found Titomylif's Antique Armour Shoppe.
  3164 | D:4      | Noticed Sigmund
  3245 | D:4      | Noticed a sky beast
  3248 | D:4      | Reached XP level 6. HP: 42/42 MP: 7/7
  3287 | D:4      | Killed a sky beast
  3287 | D:4      | Reached skill level 5 in Short Blades
  3651 | D:3      | Reached skill level 9 in Stealth
  4066 | D:4      | Noticed a sky beast
  4072 | D:4      | Killed a sky beast
  4072 | D:4      | Reached XP level 7. HP: 48/48 MP: 8/8
  4216 | D:4      | Noticed Edmund
  4255 | D:4      | Killed Edmund
  4264 | D:4      | Reached skill level 10 in Stealth
  4438 | D:5      | Entered Level 5 of the Dungeon
  4495 | D:5      | Found Otif Neo's Distillery.
  4502 | D:5      | Bought a potion of degeneration for 15 gold pieces
  4785 | D:5      | Noticed Duvessa
  4785 | D:5      | Noticed Dowan
  4856 | D:5      | Killed Duvessa
  4856 | D:5      | Reached skill level 5 in Fighting
  4862 | D:5      | Killed Dowan
  4862 | D:5      | Gained mutation: You have razor-sharp teeth. [Dusk Walker
                  | growth]
  4862 | D:5      | Reached XP level 8. HP: 35/55 MP: 9/9
  5093 | D:5      | Reached skill level 11 in Stealth
  6062 | D:6      | Found a stormy altar of Qazlal.
  6064 | D:6      | Found a blossoming altar of Fedhas.
  6077 | D:6      | Found the macabre finger necklace {rN+}
  6151 | D:6      | Noticed a hippogriff
  6179 | D:6      | Killed a hippogriff
  6179 | D:6      | Reached skill level 1 in Armour
  6227 | D:6      | Found a deep blue altar of Sif Muna.
  6259 | D:6      | Noticed Pikel
  6285 | D:6      | Reached skill level 12 in Stealth
  6326 | D:6      | Killed Pikel
  6326 | D:6      | Reached skill level 5 in Armour
  6326 | D:6      | Reached XP level 9. HP: 29/62 MP: 10/10
  6657 | D:6      | Found a staircase to the Ecumenical Temple.
  7159 | Temple   | Entered the Ecumenical Temple
  7217 | Temple   | Became a worshipper of Yredelemnul the Dark
  7389 | D:7      | Reached skill level 13 in Stealth
  7662 | D:7      | Noticed a troll
  7668 | D:7      | Killed a troll
  7668 | D:7      | Reached skill level 14 in Stealth
  7768 | D:7      | Found the +0 Maxwell's etheric cage {RegenMP+ *Contam rElec
                  | MP+4}
  7768 | D:7      | Noticed Joseph
  7807 | D:7      | Reached XP level 10. HP: 68/68 MP: 11/11
  8226 | D:7      | Reached * piety under Yredelemnul
  8422 | D:7      | Found an ornate altar of the Wu Jian Council.
  8525 | D:7      | Reached skill level 15 in Stealth
  8811 | D:8      | Found a bloodstained altar of Trog.
  8904 | D:8      | Reached skill level 16 in Stealth
  9594 | D:8      | Reached skill level 17 in Stealth
  9950 | D:8      | Found a burning altar of Makhleb.
 10010 | D:9      | Found the ring of the Mage {Wiz MR++ Int+3}
 10023 | D:9      | Found a glowing golden altar of the Shining One.
 10023 | D:9      | Found a hide-covered altar of Uskayaw.
 10024 | D:9      | Found a shadowy altar of Dithmenos.
 10026 | D:9      | Found a radiant altar of Vehumet.
 10027 | D:9      | Found an iron altar of Okawaru.
 10074 | D:9      | Reached ** piety under Yredelemnul
 10163 | D:9      | Reached skill level 18 in Stealth
 10394 | D:9      | Reached XP level 11. HP: 59/72 MP: 12/12
 10584 | D:9      | Found a staircase to the Lair.
 10743 | D:9      | Reached *** piety under Yredelemnul
 10963 | D:9      | Reached skill level 1 in Invocations
 10980 | D:9      | Noticed Erolcha
 11378 | D:10     | Entered Level 10 of the Dungeon
 11449 | D:10     | Noticed a cyclops
 11452 | D:10     | Killed a cyclops
 11452 | D:10     | Reached skill level 19 in Stealth
 11568 | D:10     | Noticed a brown ugly thing
 11581 | D:10     | Killed a brown ugly thing
 11584 | D:10     | Received a gift from Yredelemnul (a mummy)
 11791 | D:10     | Found an opulent altar of Gozag.
 12468 | D:7      | Killed Joseph
 12552 | Lair:1   | Entered Level 1 of the Lair of Beasts
 12784 | Lair:1   | Noticed an eight-headed hydra
 12800 | Lair:1   | Killed an eight-headed hydra
 12800 | Lair:1   | Reached skill level 5 in Invocations
 13480 | Lair:1   | Gained mutation: You are significantly more attuned to the
                  | shadows. [Dusk Walker growth]
 13480 | Lair:1   | Reached XP level 12. HP: 58/84 MP: 15/15
 13892 | Lair:2   | Reached skill level 10 in Short Blades
 13938 | Lair:2   | Found a staircase to the Shoals.
 14149 | Lair:2   | Received a gift from Yredelemnul (a mummy)
 14495 | Lair:2   | Noticed a five-headed hydra
 14500 | Lair:2   | Killed a five-headed hydra
 14841 | Lair:2   | Reached **** piety under Yredelemnul
 15393 | Lair:3   | Reached skill level 10 in Fighting
 15572 | Lair:3   | Reached skill level 10 in Armour
 15576 | Lair:3   | Reached skill level 1 in Spellcasting
 15578 | Lair:3   | Noticed Rupert
 15579 | Lair:3   | Received a gift from Yredelemnul (a wraith)
 15597 | Lair:3   | Killed Rupert
 16058 | Lair:3   | Reached skill level 1 in Dodging
 16183 | Lair:3   | Noticed an eight-headed hydra
 16188 | Lair:3   | Killed an eight-headed hydra
 16257 | Lair:3   | Received a gift from Yredelemnul (a mummy)
 16356 | Lair:3   | Noticed Harold
 16361 | Lair:3   | Killed Harold
 16512 | Lair:3   | Found a hole to the Spider Nest.
 16827 | Lair:4   | Noticed a seven-headed hydra
 16880 | Lair:4   | Killed a seven-headed hydra
 16880 | Lair:4   | Reached skill level 5 in Dodging
 16880 | Lair:4   | Reached XP level 13. HP: 51/92 MP: 19/19
 17459 | Lair:4   | Found a runed translucent gate.
 17459 | Lair:4   | Found a runed translucent gate.
 17459 | Lair:4   | Found a runed translucent gate.
 17459 | Lair:4   | Noticed runemage's ghost (journeyman GnFi)
 18481 | Lair:5   | Received a gift from Yredelemnul (a wight)
 18512 | Lair:5   | Learned a level 1 spell: Animate Skeleton
 18516 | Lair:5   | Learned a level 3 spell: Regeneration
 18521 | Lair:5   | Learned a level 4 spell: Animate Dead
 18619 | Lair:5   | Found a viscous altar of Jiyva.
 18619 | Lair:5   | Found a staircase to the Slime Pits.
 18823 | Lair:5   | Reached skill level 1 in Necromancy
 18880 | Lair:5   | Reached skill level 1 in Charms
 18905 | Lair:5   | Reached ***** piety under Yredelemnul
 19372 | Lair:5   | Found a glowing silver altar of Zin.
 19415 | Lair:6   | Entered Level 6 of the Lair of Beasts
 19444 | Lair:6   | Received a gift from Yredelemnul (a vampire)
 20049 | Lair:6   | Reached skill level 10 in Dodging
 20049 | Lair:6   | Received a gift from Yredelemnul (a wight)
 20087 | Lair:6   | Reached skill level 5 in Necromancy
 20336 | Lair:6   | Reached XP level 14. HP: 41/99 MP: 20/20
 20340 | Lair:6   | Reached skill level 5 in Charms
 20340 | Lair:6   | Received a gift from Yredelemnul (a wight)
 20786 | Lair:6   | Received a gift from Yredelemnul (a phantasmal warrior)
 21953 | Lair:6   | Found a burning altar of Makhleb.
 22114 | Lair:6   | Received a gift from Yredelemnul (5 flying skulls)
 23359 | D:11     | Found a staircase to the Orcish Mines.
 23918 | D:11     | Identified a scroll of acquirement
 23919 | D:11     | Got a pitted rapier
 23920 | D:11     | Identified the +7 rapier of Zusmerhi {antimagic, *Noise MR-
                  | Int+7 Dex+4} (You acquired it on level 11 of the Dungeon)
 23960 | D:12     | Entered Level 12 of the Dungeon
 24122 | D:12     | Received a gift from Yredelemnul (a vampire)
 24135 | D:12     | Reached skill level 10 in Necromancy
 24201 | D:12     | Received a gift from Yredelemnul (a phantasmal warrior)
 24245 | D:12     | Found Sumnynt's General Store.
 24368 | D:12     | Reached skill level 10 in Charms
 24370 | D:12     | Reached XP level 15. HP: 103/103 MP: 21/21
 24400 | D:12     | Received a gift from Yredelemnul (a vampire)
 24417 | D:12     | Found a gate to the Vaults.
 24421 | D:12     | Reached ****** piety under Yredelemnul
 24502 | D:12     | Found a runed translucent door.
 24502 | D:12     | Found a shimmering altar of Xom.
 24502 | D:12     | Noticed Nyg Tys's ghost (journeyman MiBe)
 24549 | D:12     | Found a staircase to the Depths.
 24564 | D:12     | Received a gift from Yredelemnul (a wraith)
 24980 | Orc      | Entered the Orcish Mines
 24982 | Orc      | Noticed an orc warlord
 25020 | D:11     | Killed an orc warlord
 25172 | Orc      | Found a roughly hewn altar of Beogh.
 25181 | Orc      | Noticed Jorgrun
 25195 | Orc      | Killed Jorgrun
 25230 | Orc      | Found a staircase to the Elven Halls.
 25258 | Orc      | Reached skill level 20 in Stealth
 25281 | Orc      | Received a gift from Yredelemnul (a skeletal warrior)
 25330 | Orc      | Found a roughly hewn altar of Beogh.
 25561 | Orc      | Found a runed translucent door.
 25561 | Orc      | Noticed Rachuaq's ghost (adept GnSk)
 25793 | Orc      | Received a gift from Yredelemnul (a wraith)
 25807 | Orc      | Found Sawu Kir's Magic Scroll Shoppe.
 25810 | Orc      | Found Ummiomas's Magic Scroll Shoppe.
 25811 | Orc      | Found Reate's Antique Weapon Emporium.
 25813 | Orc      | Found Jicaman's Antique Weapon Emporium.
 26253 | D:9      | Killed Erolcha
 26411 | D:4      | Killed Sigmund
 26647 | Spider:1 | Entered Level 1 of the Spider Nest
 28291 | Spider:2 | Received a gift from Yredelemnul (a skeletal warrior)
 28596 | Spider:2 | Reached skill level 21 in Stealth
 28903 | Spider:2 | HP: 4/103 [tarantella (11)]
 28905 | Spider:2 | HP: 1/103 [tarantella (14)]
 28906 | Spider:2 | Received a gift from Yredelemnul (a phantasmal warrior)
 28906 | Spider:2 | Mangled by a tarantella

Skill      XL: |  1  2  3  4  5  6  7  8  9 10 11 12 13 14 15 |
---------------+----------------------------------------------+-----
Fighting       | 1 2 3 4 5 6 8 10 | 10.0
Short Blades   | 3 4 5 6 8 9 10 | 10.0
Stealth        | 7 8 9 10 12 14 18 19 21 | 21.5
Armour         | 5 8 10 | 10.0
Invocations    | 5 9 |  9.0
Spellcasting   | 4 |  4.0
Dodging        | 5 10 | 10.0
Necromancy     | 5 10 | 10.0
Charms         | 4 10 | 10.0
Throwing       | |  1.5
Evocations     | |  2.0

Action                   |  1- 3 |  4- 6 |  7- 9 | 10-12 | 13-15 || total
-------------------------+-------+-------+-------+-------+-------++-------
Melee: Dagger            |   108 |   215 |   336 |   883 |  1105 ||  2647
       Bite              |    10 |    23 |    43 |   112 |   186 ||   374
       Rapier            |       |       |       |       |   238 ||   238
 Fire: Blowgun           |     3 |       |     4 |    10 |     6 ||    23
Throw: Throwing net      |       |       |       |       |     1 ||     1
 Cast: Animate Skeleton  |       |       |       |       |    14 ||    14
       Animate Dead      |       |       |       |       |     8 ||     8
       Regeneration      |       |       |       |       |    31 ||    31
Invok: Animate Dead      |       |       |       |     8 |    33 ||    41
       Drain Life        |       |       |       |       |     4 ||     4
       Injury Mirror     |       |       |       |       |     1 ||     1
       Recall Undead Sla |       |       |       |       |     3 ||     3
       Enslave Soul      |       |       |       |       |     1 ||     1
 Abil: Evoke Flight      |       |       |       |       |     2 ||     2
Evoke: Wand              |       |       |     6 |    28 |    10 ||    44
       Lamp of fire      |       |       |       |       |     1 ||     1
  Use: Scroll            |     6 |     3 |     8 |     2 |    13 ||    32
       Potion            |       |       |     1 |       |     2 ||     3
 Stab: Sleeping          |     8 |    10 |    20 |    44 |    93 ||   175
       Distracted        |       |     1 |     1 |     2 |    39 ||    43
       Paralysed         |       |       |     1 |     3 |       ||     4
       Confused          |       |       |       |       |     3 ||     3
       Held in net/web   |       |       |       |       |     1 ||     1
  Eat: Chunk             |     3 |     7 |     8 |    31 |    46 ||    95
       Ration            |       |       |     1 |       |     3 ||     4
Armor: Robe              |    12 |       |       |       |       ||    12
       Ring mail         |    10 |    77 |    99 |   289 |   444 ||   919
Dodge: Dodged            |    53 |    56 |    94 |   283 |   996 ||  1482
